Cogmind - Beta 11.1 @@@ ROGUE MODE // 2022.11.24 @ 18:05:34 Player: woegarden Result: Destroyed by Y-45 Defender with Heavy Assault Rifle Performance ------------- Evolutions (2) 1000 Regions Visited (5) 1000 Robots Destroyed (23) 115 Value Destroyed (373) 373 Prototype IDs (4) 80 Alien Tech Used (0) 0 Bonus (0) 0 TOTAL SCORE: 2568 Bonus ------- None Cogmind --------- Core Integrity 0/550 Matter 244/300 Energy 114/240 System Corruption 0% Temperature Cool (0) Movement Core (300) Ox5 Location -8/Storage Parts ------- > --- POWER (1) -------- Nuclear Core > --- PROPULSION (4) --- (None) > --- UTILITY (4) ------ Small Storage Unit > --- WEAPON (2) ------- Great Maul > --- INVENTORY (8) ---- Sensor Array Flak Cannon Peak State ------------ > --- POWER ------------ Light Ion Engine > --- PROPULSION ------- Armored Treads Hover Unit Improved Hover Unit Cesium-ion Thruster > --- UTILITY ---------- Reaction Control System Reaction Control System Hacking Suite System Shield > --- WEAPON ----------- Flak Cannon Great Axe > --- INVENTORY -------- Improved Hover Unit Small Storage Unit Sensor Array [Rating: 29] Favorites ----------- Power Ion Engine Engine Ion Engine Power Core Light Nuclear Core Propulsion Armored Treads Treads Armored Treads Leg Aluminum Leg Wheel Compact Wheel Hover Unit Hover Unit Flight Unit Cesium-ion Thruster Utility Hacking Suite Device Sensor Array Storage Medium Storage Unit Hackware Hacking Suite Weapon Shock Rifle Energy Gun Shock Rifle Energy Cannon Beam Cannon Ballistic Gun Heavy Assault Rifle Ballistic Cannon Light Cannon Impact Weapon Great Maul Slashing Weapon Great Axe Build | -11 -10 -9 -9 -8 -8 ------- Run | Scr Mat Mat Min Mat Sto Slots Evolved 4 | . . 2 . 2 . Power . | . . . . . . Propulsion 2 | . . 1 . 1 . Utility 2 | . . 1 . 1 . Weapon . | . . . . . . Parts Attached 71 | . 17 20 3 10 21 Power 10 | . 2 2 1 1 4 Engine 7 | . 1 1 1 1 3 Core 3 | . 1 1 . . 1 Reactor . | . . . . . . Propulsion 28 | . 5 8 . 5 10 Treads 6 | . . 4 . . 2 Leg 1 | . 1 . . . . Wheel 7 | . 2 . . . 5 Hover 10 | . 2 4 . 1 3 Flight 4 | . . . . 4 . Utility 18 | . 3 7 2 2 4 Device 9 | . 1 4 1 1 2 Storage 7 | . 2 2 1 1 1 Processor . | . . . . . . Hackware 2 | . . 1 . . 1 Protection . | . . . . . . Artifact . | . . . . . . Weapon 15 | . 7 3 . 2 3 Energy Gun 5 | . 2 2 . 1 . Energy Cannon 1 | . 1 . . . . Ballistic Gun 3 | . 2 1 . . . Ballistic Cannon 2 | . 1 . . . 1 Launcher . | . . . . . . Special Weapon . | . . . . . . Impact Weapon 2 | . 1 . . . 1 Slashing Weapon 2 | . . . . 1 1 Piercing Weapon . | . . . . . . Special Melee Weapon . | . . . . . . Unidentified Prototypes . | . . . . . . Parts Lost 28 | . 4 . 1 . 23 Power 4 | . . . 1 . 3 Propulsion 15 | . 2 . . . 13 Utility 5 | . . . . . 5 Weapon 4 | . 2 . . . 2 Highest Loss Streak 23 | . 4 . 1 . 23 To Critical Strikes . | . . . . . . Average Slot Usage (%) 93 | . 90 100 99 90 72 Engine 7 | . 12 7 1 9 6 Core 3 | . 1 3 9 . . Treads 10 | . . 23 . . 4 Leg 1 | . 9 . . . . Wheel 2 | . 11 . . . 1 Hover 13 | . 6 9 33 9 6 Flight 3 | . . . . 26 14 Device 10 | . 7 11 11 18 9 Storage 10 | . 14 11 11 9 4 Hackware 8 | . . 11 11 9 13 Energy Gun 8 | . 8 11 11 3 1 Ballistic Gun 8 | . 10 11 11 . . Ballistic Cannon 1 | . 4 . . . 2 Slashing Weapon 1 | . . . . 6 4 Naked Turns . | . . . . . . Heaviest Build 24 | 14 23 23 22 24 17 Greatest Support 60 | 20 32 60 19 26 48 Greatest Overweight (x) 6 | . 6 1 1 1 5 Average Overweight (x) . | . . . . . . Largest Inventory Capacity 10 | . 10 10 10 10 8 Average Capacity 9 | . 8 9 9 9 6 Most Carried 10 | . 10 10 9 10 8 Average Carried 8 | . 7 9 8 8 4 Final Capacity 10 | 8 8 8 10 8 8 Final Carried 9 | 6 8 8 9 8 2 Class Distribution -------------------- 49% | Mutant 35% | Scavenger-Mutant 7% | Sprinter 6% | Hacker-Mutant Dominant Class ---------------- Mutant | -10/Materials Mutant | -9/Materials Scavenger-Mutant | -9/Mines Sprinter | -8/Materials Hacker-Mutant | -8/Storage Resources | -11 -10 -9 -9 -8 -8 ----------- Run | Scr Mat Mat Min Mat Sto Matter Collected 847 | 179 262 151 62 100 93 Remotely . | . . . . . . Salvage Created 947 | . 452 208 56 86 145 Parts 62 | . 25 16 7 2 12 Haulers Intercepted 1 | . . . . . 1 Recyclers Shooed 7 | . 5 . . . 2 Parts Field Recycled . | . . . . . . Retrieved Matter . | . . . . . . Parts Self-Destructed . | . . . . . . Prevented . | . . . . . . Kills | -11 -10 -9 -9 -8 -8 ------- Run | Scr Mat Mat Min Mat Sto Combat Hostiles Destroyed 12 | . 5 5 2 . . Guns 6 | . 2 2 2 . . Cannons 3 | . 3 . . . . AOE 3 | . . 3 . . . Classes Destroyed 8 | . 3 2 1 . 2 Worker 1 | . . . . . 1 Builder 2 | . . . 1 . 1 Hauler 1 | . . . . . 1 Recycler 6 | . 3 1 . 1 1 Operator 1 | . 1 . . . . Swarmer 6 | . . 4 2 . . Grunt 5 | . 5 . . . . Sentry 1 | . . 1 . . . Best Kill Streak 8 | . 8 4 1 1 4 Combat Bots Only 4 | . 2 4 1 . . Max Kills in Single Turn 3 | . 1 3 1 1 1 Gunslinging . | . . . . . . Exploded 3 | . . 3 . . . Melee . | . . . . . . Uniques/NPCs Destroyed . | . . . . . . Combat | -11 -10 -9 -9 -8 -8 -------- Run | Scr Mat Mat Min Mat Sto Damage Taken 2965 | . 623 240 130 23 1949 Core 784 | . 195 22 9 . 558 Absorbed by Shields . | . . . . . . Core Remaining (%) 71 | 100 22 . 92 . . Volleys Fired 62 | . 30 14 9 . 9 Largest 2 | . 2 2 2 . 1 Hottest 100 | . 100 70 73 . 44 Shots Fired 100 | . 47 28 16 . 9 Gun 59 | . 15 28 16 . . Cannon 41 | . 32 . . . 9 Launcher . | . . . . . . Special . | . . . . . . Kinetic 60 | . 28 14 9 . 9 Thermal 12 | . 12 . . . . Explosive . | . . . . . . Electromagnetic 28 | . 7 14 7 . . Robot Hit Streak 6 | . 5 6 4 . 4 Robot Miss Streak 5 | . 3 3 5 . 4 Penetration Max . | . . . . . . Secondary Targets 1 | . . . 1 . . Max Gunslinging Chain 1 | . . . 1 . . Shots Hit Robots 62 | . 28 16 7 1 10 Core Hits 38 | . 14 8 3 1 12 Critical Kills . | . . . . . . Critical Parts Destroyed 1 | . . . 1 . . Critical Strikes 2 | . 1 . 1 . . Destroy 1 | . . . 1 . . Blast 1 | . 1 . . . . Melee Attacks 4 | . . . . 1 3 Impact 2 | . . . . . 2 Slashing 2 | . . . . 1 1 Piercing . | . . . . . . Sneak Attacks 1 | . . . . 1 . Combat Hostiles . | . . . . . . Follow-up Attacks 1 | . . . . . 1 Damage Inflicted 1278 | . 505 293 110 99 271 Guns 423 | . 132 181 110 . . Cannons 546 | . 373 . . . 173 Explosions 112 | . . 112 . . . Melee 197 | . . . . 99 98 Ramming . | . . . . . . Kinetic 591 | . 288 89 41 . 173 Thermal 245 | . 133 112 . . . Explosive . | . . . . . . Electromagnetic 245 | . 84 92 69 . . Impact 59 | . . . . . 59 Slashing 138 | . . . . 99 39 Piercing . | . . . . . . Highest Corruption . | . . . . . . Average Corruption . | . . . . . . Corruption Purged . | . . . . . . Corruption Blocked . | . . . . . . Overload Shots . | . . . . . . Overflow Damage . | . . . . . . Projectiles . | . . . . . . Explosions . | . . . . . . Melee . | . . . . . . Knockbacks 13 | . 8 . . . 5 Impact . | . . . . . . Kinetic 12 | . 7 . . . 5 Secondary 1 | . 1 . . . . Self-Inflicted Damage 31 | . . 31 . . . Shots 1 | . . 1 . . . Rammed . | . . . . . . Targets Rammed . | . . . . . . Kicked . | . . . . . . Crushed . | . . . . . . Highest Temperature 382 | . 382 96 18 3 28 Average Temperature 109 | . 180 35 8 3 11 Received Heat Transfer 1377 | . 342 72 . 9 954 Effects 7 | . 7 . . . . Shutdowns 2 | . 2 . . . . Energy Bleed 1 | . 1 . . . . Interference 3 | . 3 . . . . Damage (minor) 1 | . 1 . . . . Siege Activations . | . . . . . . Robots Corrupted . | . . . . . . Combat Hostiles . | . . . . . . Parts Fried 2 | . . 2 . . . Impact Corruptions . | . . . . . . Robots Melted . | . . . . . . Combat Hostiles . | . . . . . . Parts Melted . | . . . . . . Heat Transferred 384 | . 284 100 . . . Parts Sabotaged . | . . . . . . Parts Stolen . | . . . . . . Parts Stripped . | . . . . . . Power Chain Reactions 1 | . . 1 . . . Missiles Intercepted . | . . . . . . Alert | -11 -10 -9 -9 -8 -8 ------- Run | Scr Mat Mat Min Mat Sto Peak Influence 267 | . 210 267 111 92 172 Initial 88 | . . 88 51 42 38 Average 112 | . 75 173 60 61 90 Maximum Alert Level 1 | . 1 1 . . . Low Security (%) 77 | . 97 46 100 100 100 Level 1 22 | . 2 53 . . . Level 2 . | . . . . . . Level 3 . | . . . . . . Level 4 . | . . . . . . Level 5 . | . . . . . . High Security . | . . . . . . Max Security . | . . . . . . Squads Dispatched 4 | . 2 . . 1 1 Investigation 2 | . . . . 1 1 Extermination . | . . . . . . Reinforcement 2 | . 2 . . . . Assault . | . . . . . . Garrison . | . . . . . . Intercept . | . . . . . . Searches Triggered . | . . . . . . Construction Impeded . | . . . . . . Haulers Reinforced . | . . . . . . Active Scanning Responses . | . . . . . . Cargo Convoy Interrupts . | . . . . . . Stealth | -11 -10 -9 -9 -8 -8 --------- Run | Scr Mat Mat Min Mat Sto Distress Signals 4 | . 2 . . . 2 Communications Jammed . | . . . . . . Distress Signals . | . . . . . . Times Spotted 57 | . 12 10 3 7 25 Peak Tracking Total 18 | . 5 5 3 7 18 Tactical Retreats 7 | . 3 . 1 . 3 Traps | -11 -10 -9 -9 -8 -8 ------- Run | Scr Mat Mat Min Mat Sto Traps Triggered 2 | . . . . 1 1 Indirectly . | . . . . . . Trap Hack Attempts . | . . . . . . Triggered . | . . . . . . Disarmed . | . . . . . . Reprogrammed . | . . . . . . Reused . | . . . . . . Traps Extracted . | . . . . . . Installed . | . . . . . . Triggered . | . . . . . . Machines | -11 -10 -9 -9 -8 -8 ---------- Run | Scr Mat Mat Min Mat Sto Machines Disabled 2 | . 2 . . . . Max in Single Turn 1 | . 1 . . . . Machines Sabotaged . | . . . . . . Garrisons Compromised . | . . . . . . Overloaded Fab Kills . | . . . . . . Hacking | -11 -10 -9 -9 -8 -8 --------- Run | Scr Mat Mat Min Mat Sto Machines Accessed 6 | . 2 3 . . 1 Terminals 5 | . 2 2 . . 1 Fabricators . | . . . . . . Repair Stations . | . . . . . . Recycling Units 1 | . . 1 . . . Scanalyzers . | . . . . . . Garrison Access . | . . . . . . Total Hacks 20 | . 4 10 . . 6 Successful 15 | . 2 8 . . 5 Failed 5 | . 2 2 . . 1 Catastrophic . | . . . . . . Database Lockouts . | . . . . . . Manual . | . . . . . . Terminals 17 | . 4 7 . . 6 Fabricators . | . . . . . . Repair Stations . | . . . . . . Recycling Units 3 | . . 3 . . . Scanalyzers . | . . . . . . Garrison Access . | . . . . . . Terminal Hacks 12 | . 2 5 . . 5 Prototype ID Bank 2 | . 1 1 . . . Emergency Access Points 1 | . . . . . 1 Scanalyzer Index 1 | . . 1 . . . Alert Level 1 | . . . . . 1 Unreport Threat 2 | . . . . . 2 Patrol Status 1 | . . 1 . . . Recall Extermination 1 | . . . . . 1 Registered Components 1 | . . 1 . . . Zone Layout 2 | . 1 1 . . . Fabricator Hacks . | . . . . . . Repair Station Hacks . | . . . . . . Recycling Unit Hacks 3 | . . 3 . . . Process 1 | . . 1 . . . Report Inventory 1 | . . 1 . . . Retrieve Matter 1 | . . 1 . . . Scanalyzer . | . . . . . . Garrison Access Hacks . | . . . . . . Unauthorized Hacks . | . . . . . . Terminals . | . . . . . . Fabricators . | . . . . . . Repair Stations . | . . . . . . Recycling Units . | . . . . . . Scanalyzers . | . . . . . . Garrison Access . | . . . . . . Data Cores Recovered . | . . . . . . Used . | . . . . . . Hacking Detections 2 | . . 1 . . 1 Full Trace Events . | . . . . . . Feedback Events . | . . . . . . Feedback Blocked . | . . . . . . Robot Schematics Acquired . | . . . . . . Robots Built . | . . . . . . Authchips . | . . . . . . Time . | . . . . . . Total Robot Build Rating . | . . . . . . Part Schematics Acquired . | . . . . . . Parts Built . | . . . . . . Authchips . | . . . . . . Time . | . . . . . . Total Part Build Rating . | . . . . . . Parts Repaired . | . . . . . . Time . | . . . . . . Parts Recycled . | . . . . . . Recycled Matter 169 | . . 169 . . . Retrieved Matter 331 | . . 331 . . . Retrieved Components . | . . . . . . Parts Scanalyzed . | . . . . . . Part Schematics Acquired . | . . . . . . Parts Damaged . | . . . . . . Bothacking | -11 -10 -9 -9 -8 -8 ------------ Run | Scr Mat Mat Min Mat Sto Used RIF Installer . | . . . . . . Robots Hacked . | . . . . . . Non-combat . | . . . . . . Combat . | . . . . . . Robot Hacks Applied . | . . . . . . Relay Couplers Released . | . . . . . . Fabnet Peak Effective % . | . . . . . . Robots Rewired . | . . . . . . Allies Hacked . | . . . . . . Hacks Repelled . | . . . . . . Allies | -11 -10 -9 -9 -8 -8 -------- Run | Scr Mat Mat Min Mat Sto Total Allies . | . . . . . . Largest Group . | . . . . . . Highest-Rated Group . | . . . . . . Highest-Rated Ally . | . . . . . . Total Orders . | . . . . . . Ally Attacks . | . . . . . . Total Damage . | . . . . . . Kills . | . . . . . . Allies Corrupted . | . . . . . . Allies Melted . | . . . . . . Intel | -11 -10 -9 -9 -8 -8 ------- Run | Scr Mat Mat Min Mat Sto Robot Analysis Total . | . . . . . . Derelict Logs Recovered 1 | . . . 1 . . Drone Launches . | . . . . . . Drone Recoveries . | . . . . . . Exploration | -11 -10 -9 -9 -8 -8 ------------- Run | Scr Mat Mat Min Mat Sto Turns Passed 1604 | . 331 639 315 120 199 Spaces Moved 1274 | 1 190 452 250 120 261 Core 7 | . 2 . . . 5 Treads 254 | . . 238 . . 16 Legs 78 | 1 77 . . . . Wheels 46 | . 39 . . . 7 Hover 616 | . 72 214 250 35 45 Flight 273 | . . . . 85 188 Fastest Speed 26 | 120 56 52 52 26 26 Average Speed 91 | 120 103 114 105 37 55 Slowest Speed 350 | 120 350 170 112 106 300 Overloaded Moves . | . . . . . . Propulsion Burnouts . | . . . . . . Robots Hopped 1 | . . . . . 1 Cave-ins Triggered . | . . . . . . Exploration Rate (%) 29 | 2 33 34 36 15 58 Regions Visited 5 Branch Regions 2 Pre-discovered Areas . | . . . . . . Known Exits Taken . | . . . . . . Unknown Exits Taken 5 | 1 1 1 1 1 . Scrap Searched 1 | . . . 1 . . Spaces Dug . | . . . . . . Terrain Destroyed 2 | . . 2 . . . Melee . | . . . . . . Projectile . | . . . . . . AOE 2 | . . 2 . . . Terrain Rammed . | . . . . . . Walls Destroyed . | . . . . . . Machines Disabled . | . . . . . . Actions | -11 -10 -9 -9 -8 -8 --------- Run | Scr Mat Mat Min Mat Sto Total 1598 | . 280 545 283 193 297 Wait 123 | . 16 43 20 44 . Move 1267 | . 189 451 249 119 259 Hop 1 | . . . . . 1 Pick Up 35 | . 15 8 2 9 1 Fast Attach 14 | . 3 1 . . 10 Attach 23 | . 7 4 1 2 9 Detach 6 | . 1 1 . 1 3 Swap 34 | . 7 15 2 8 2 Drop 30 | . 12 8 . 9 1 Fire 62 | . 30 14 9 . 9 Melee 3 | . . . . 1 2 Ram . | . . . . . . Kick . | . . . . . . Crush . | . . . . . . Escape Stasis . | . . . . . . Rewire . | . . . . . . Trap . | . . . . . . Miscellaneous . | . . . . . . Route ------- -11/Scrapyard -10/Materials -9/Materials -9/Mines (discovered 3 exits: [*Mat x2] / [*Zio]) -8/Materials -8/Storage History --------- Turn | Location | Event 1 | -11/Scrapyard | Discovered new exit (range 0) 1 | -11/Scrapyard | Entered Materials 204 | -10/Materials | Core integrity fell below 50% 266 | -10/Materials | Lost 4 parts (2n2w) 322 | -10/Materials | Discovered new exit (range 16) 332 | -10/Materials | Entered another Materials area 332 | -9/Materials | Evolved 2 slots: Propulsion x1, Utility x1 731 | -9/Materials | Build established: Mutant 962 | -9/Materials | Discovered new exit (range 14) 971 | -9/Materials | Entered Mines 978 | -9/Mines | A Derelict revealed a hidden shortcut to a safe place 979 | -9/Mines | Discovered new exit (range 5) 1012 | -9/Mines | Learned Materials terminal intel 1037 | -9/Mines | Discovered new exit (range 11) 1178 | -9/Mines | Build established: Scavenger-Mutant 1286 | -9/Mines | Entered Materials 1286 | -8/Materials | Evolved 2 slots: Propulsion x1, Utility x1 1287 | -8/Materials | Loaded intel: 12 terminal locations 1402 | -8/Materials | Discovered new exit (range 16) 1406 | -8/Materials | Entered Storage 1590 | -8/Storage | Core integrity fell below 50% 1601 | -8/Storage | Core integrity fell below 20% 1605 | -8/Storage | Destroyed by Y-45 Defender with Heavy Assault Rifle Last Messages --------------- 01537_ G-47 Trooper knocked back. 01545_ Reaction Control System destroyed. 01546_ Hover Unit destroyed. 01547_ Critical hit (Burn: +37). 01549_ System Shield destroyed. 01549_ Imp. Hover Unit destroyed. 01552_ Reaction Control System destroyed. 01558_ Ion Engine destroyed. 01564_ Great Axe follow-up attack on G-47 Trooper. 01564_ Critical hit (Burn: +37). 01568_ G-47 Trooper destroyed. 01570_ Hacking Suite destroyed. 01582_ Great Axe destroyed. 01584_ Acquired Com. Wheel. 01589_ Arm. Treads destroyed. 01589_ Acquired Com. Wheel. 01591_ Com. Wheel destroyed. 01593_ Acquired Com. Wheel. 01597_ Com. Wheel destroyed. 01600_ Acquired Nuclear Core. Map ----- +----------------------------------------------------+ | ?????????????????????????????????????????????????? | | ??######?????????????????????????????????????????? | | ?? #?????????????????????????????????????????? | | ?? #?????????????????????????????????????????? | | ?? #?????????????????????????????????????????? | | ?? #?????????????????????????????????????????? | | ?? ! ??????????????????????????????????????????? | | ### #??????????????????????????????????????????? | | # #??????????????????????????????????????????? | | # #??????????????????????????????????????????? | | # #??????????????????????????????????????????? | | # #??????????????????????????????????????????? | | / +??????????????????????????????????????????? | | # #??????????????????????????????????????????? | | # #??????????????????????????????????????????? | | # #??????????????????????????????????????????? | | # #??????????????????????????????????????????? | | ### #??????????????????????????????????????????? | | ??# #??????????????????????????????????????????? | | ??# #???##?????????????????????????????????????? | | ??# #??# #####?????????????????????????????????? | | ??# #? ??????????????????????????????????? | | ??# ^ #? """ ??????????????????????????????????? | | ??# # """ ???????###########????????????????? | | ??# # """ #??????# #????????????????? | | ??# + #???????# @ =#????????????????? | | ??# # """ #???????# Yg ==#????????????????? | | ??# # """ ????????# g=#????????????????? | | ??# #? """ ????????# gYgY#????????????????? | | ??# #? ????????#Y" "gY #????????????????? | | ??# ##+#######???????# "R" h #????????????????? | | ??# #?????????????#Y""" #????????????????? | | ??# #?????????????# gg #????????????????? | | ??# ###################/########### ???????? | | ??# == =! == % ??????? | | ### #######!! !###### = ??????? | | #?????# !!#????# ??????? | | ####+##?????# /%#????###T#####+##########???????? | | ??? ??????# !/#??????###????????????########### | | ?? ??????# =#?????????????????????# | | ?"""""" #### #?????????????????????# | | ??????" + #?????????????????????# | | ??????" #### #???????############### | | ????????????# #???????# + | | ????????????# #???????# """ #### | | ????????????# ####???????# "R" #??# ## | | ????????????# #??????????# " " #??# #? | | ?????######?# ##?????????# #??# #? | | ?????# # T#?????????# ! """ #??#### #######? | | ?????# # ############ """ #?????# #??????? | +----------------------------------------------------+ Best States ------------- Heat Dissipation 31 Energy Generation 14 Energy Capacity 250 Matter Stores 300 Matter Capacity 300 Sight Range 16 Robot Scan Range 14 Terrain Scan Density 10 ECM Strength 1 Evasion (%) 67 Recoil Reduction 3 Offensive Hacking 10 Defensive Hacking 10 Item Schematics ----------------- None Robot Schematics ------------------ None Fabricated ------------ Nothing Alien Tech Used ----------------- None Achievements -------------- None Challenges ------------ None Game ------ Seed DispersionSchematicKit Manual? 0 Play Time 00:32:02 Cumulative 97.7 hours Start 2022.11.24 @ 17:33:37 End 2022.11.24 @ 18:05:34 Sessions 1 Manual Loads 0 Difficulty Rogue Special Mode None Game No. 161 Rogue 115 Adventurer 45 Explorer 1 Win Type - Total 0 Types 0/0/0/0/0/0/0/0/0 Lore% 29 Gallery% 50 Achievement% 35 Wizard Run 0 Options --------- ASCII 0 Keyboard 0 Movement Mouse Keybinds 0 Fullscreen 2 Font 18/X11Bold Map View 76x50 Tactical HUD 1 Map Filters NONE Filters LOW_CONTRAST(13,24,33)|BRIGHTNESS(90)|SATURATION(87) Steam 1 RUN: e3973531-0fb0-487b-9098-c54a049ea621